 Dungeon Crawl Stone Soup version 0.31-a0-799-g6bc09d010c (webtiles) character file.

Game seed: 8813105332800721125

86 Hubris850 the Ruffian (level 4, -6/35 HPs)
             Began as a Draconian Shapeshifter on Sept 19, 2023.
             Mangled by a gnoll
             ... wielding a +0 spear
              (8 damage)
             ... on level 2 of the Dungeon.
             The game lasted 00:03:40 (1253 turns).

Hubris850 the Ruffian (Draconian Shapeshifter)      Turns: 1253, Time: 00:03:41

Health: -6/35      AC:  5    Str: 17    XL:     4   Next: 27%
Magic:  4/4        EV: 12    Int: 10    God:
Gold:   44         SH:  0    Dex: 12    Spells: 3/3 levels left

rFire   . .          .
                       - Unarmed
rCold   . . .        (no shield)
rNeg    . . .        (body armour unavailable)
rPois   .            (helmet currently unavailable)
rElec   .            (cloak currently unavailable)
rCorr   .            (gloves currently unavailable)
SInv    +            (boots currently unavailable)
Will    .....        d - amulet of the acrobat
Stlth   +            j - ring of see invisible
HPRegen 0.25/turn    (no ring)
MPRegen 0.09/turn

%: acrobat
@: beast-form
A: beast (slay +2), AC +5, unfitting armour, cold-blooded
a: Begin Untransformation


You were on level 2 of the Dungeon.
You were a hulking beast.
You visited 1 branch of the dungeon, and saw 2 of its levels.

You collected 44 gold pieces.

Inventory:

Hand Weapons
 h - a +0 dagger
Missiles
 g - 5 poisoned darts
Jewellery
 d - an amulet of the acrobat (around neck)
 j - a ring of see invisible (left hand)
Talismans
 b - a beast talisman (active)
 c - a flux talisman
Scrolls
 k - a scroll of identify {unknown}
 l - a scroll of noise {unknown}
 n - a scroll of poison {unknown}
Potions
 a - 2 potions of lignification
 e - a potion of brilliance {unknown}
 f - 2 potions of curing {unknown}
 i - a potion of attraction {unknown}
 m - a potion of might {unknown}


   Skills:
 - Level 1.1 Fighting
 + Level 2.8 Dodging
 + Level 3.8 Unarmed Combat
 + Level 3.6 Shapeshifting


You had 3 spell levels left.
You didn't know any spells.
Your spell library contained the following spells:

 Spells                   Type           Power      Damage    Failure   Level
 Summon Lightning Spire   Summ/Air       0%         N/A       98%         4
 Lee's Rapid Deconstruct  Erth           0%         3d4*      100%        5
 Animate Armour           Summ/Erth      Unusable   N/A       N/A         4

Dungeon Overview and Level Annotations

Branches:
Dungeon (2/15)

Altars:


Innate Abilities, Weirdness & Mutations

You are a hulking beast.
Your limbs bulge with bestial killing power. (Slay +2)
Your plain brown scales are hard. (AC +5)
You cannot fit into any form of body armour.
You are cold-blooded and may be slowed by cold attacks.


Message History

You feel stronger.
You closely miss the hobgoblin. The hobgoblin hits you.
You punch the hobgoblin!
You kill the hobgoblin!
A hobgoblin comes into view.
Things that are here:
a +0 spear; a hobgoblin corpse; a gnoll corpse The hobgoblin shouts!
You hit the gnoll.
Your tail-slap misses the gnoll.
The gnoll is moderately wounded.
The gnoll barely misses you.
You hit the gnoll. You tail-slap the gnoll.
The gnoll is almost dead.
The gnoll hits you with a +0 flail!
The gnoll hits you from afar with a +0 spear.
You hit the gnoll.
You kill the gnoll!
The gnoll barely misses you.
You hit the hobgoblin.
The hobgoblin is moderately wounded.
The hobgoblin barely misses you. The gnoll hits you but does no damage.
You hit the hobgoblin but do no damage.
The hobgoblin is moderately wounded.
The hobgoblin barely misses you.
The gnoll hits you from afar with a +0 spear.
You hit the hobgoblin.
You kill the hobgoblin!
The gnoll completely misses you. The gnoll hits you with a +0 spear.
* * * LOW HITPOINT WARNING * * *
Things that are here:
a +0 flail; a gnoll corpse You hit the gnoll but do no damage.
You tail-slap the gnoll.
The gnoll is lightly wounded.
The gnoll hits you with a +0 spear!
* * * LOW HITPOINT WARNING * * *
You punch the gnoll!
The gnoll is severely wounded.
The gnoll hits you with a +0 spear!
You die...

...................
.######..########.##
.........# #.#
.######.## #.#
######<# #.#
#......# #.#
#.####.# ...
#.#.####.###### #.#
#..gh).......... #.#
###.############ #.
#. .. #. #. ..


You could see a gnoll.

Vanquished Creatures
  An adder (D:2)
  2 gnolls (D:2)
  2 dart slugs (D:1)
  3 bats
  6 endoplasms
  4 giant cockroaches
  A goblin (D:1)
  6 hobgoblins
  7 jackals (D:1)
  3 quokkas
  3 ball pythons
  A frilled lizard (D:1)
  4 kobolds
  6 rats
49 creatures vanquished.

Notes
Turn   | Place    | Note
-------+----------+-------------------------------------------
     0 | D:1      | Hubris850 the Draconian Shapeshifter began the quest for
                  | the Orb.
     0 | D:1      | Reached XP level 1. HP: 16/16 MP: 1/1
     6 | D:1      | Noticed a hog
     6 | D:1      | Noticed a swamp worm
     6 | D:1      | Noticed a water moccasin
     6 | D:1      | Noticed a wyvern
     6 | D:1      | Noticed a killer bee
   125 | D:1      | Reached XP level 2. HP: 23/23 MP: 2/2
   560 | D:1      | Reached XP level 3. HP: 28/28 MP: 3/3
  1242 | D:2      | Reached XP level 4. HP: 27/35 MP: 4/4
  1252 | D:2      | HP: 1/35 [gnoll/+0 spear (8)]
  1253 | D:2      | Mangled by a gnoll

Illustrated notes

Levels and vault maps discovered:
D:1:      onia_arrival_zoo_common, layout_basic
D:2:      layout_basic, minmay_tromino_v2

Skill      XL: |  1 |
---------------+----+-----
Dodging        | 2 |  2.8
Fighting       | |  1.1
Unarmed Combat | |  3.8
Shapeshifting  | |  3.6

Action                     |  1- 3 |  4- 6 || total
---------------------------+-------+-------++-------
  Melee: Unarmed           |   104 |    10 ||   114
         Tailslap          |    13 |     2 ||    15
         Punch             |     3 |       ||     3
   Stab: Sleeping          |     1 |       ||     1
 Armour: Skin              |    34 |     8 ||    42
  Dodge: Dodged            |    65 |     5 ||    70

Table legend: (Time is in decaauts)
 A = Elapsed time spent in this place.
 B = Non-inter-level travel time spent in this place.
 C = Inter-level travel time spent in this place.
 D = Time resting spent in this place.
 E = Time spent auto-exploring this place.
 F = Levels seen in this place.
 G = Mean time per level.
                   A        B        C        D        E       F      G
               +--------+--------+--------+--------+--------+-----+--------+
         Total |   1246 |   1181 |     65 |      0 |    924 |   2 |  623.0 |
       Dungeon |   1246 |   1181 |     65 |      0 |    924 |   2 |  623.0 |
               +--------+--------+--------+--------+--------+-----+--------+

Top non-repeatable levels by time:
     D:1: 954 daAuts
     D:2: 291 daAuts
